 Dungeon Crawl Stone Soup version 0.27.1-33-g824d729ab1 (webtiles) character file.

Game seed: 10912066045869184250

2049 jlumianski the Cruncher (level 9, -1/46 HPs)
             Began as a Gargoyle Monk on Dec 12, 2021.
             Was an Elder of Hepliaklqana.
             Shot with a bolt by an orc warrior (22 damage)
             ... in a bailey.
             The game lasted 00:33:28 (7178 turns).

jlumianski the Cruncher (Gargoyle Monk)             Turns: 7178, Time: 00:33:28

Health: -1/46      AC: 14    Str: 17    XL:     9   Next: 25%
Magic:  6/10       EV: 15    Int: 12    God:    Hepliaklqana [****..]
Gold:   64         SH:  0    Dex: 12    Spells: 8/10 levels left

rFire    . . .     SeeInvis .   F - +2 lajatang (vamp)
rCold    + . .     Faith    +   (shield currently unavailable)
rNeg     + . .     Spirit   .   I - +2 ring mail {rC+}
rPois    ∞         Reflect  .   (no helmet)
rElec    +         Harm     .   z - scarf {repulsion}
rCorr    .         Rampage  .   (no gloves)
Will     .....                  (no boots)
Stlth    ++........             w - amulet of faith
HPRegen  0.15/turn              s - +4 ring of evasion
MPRegen  0.12/turn              n - ring of wizardry

@: repel missiles
A: reduced essence, sickness immunity, AC +6, negative energy resistance 1,
electricity resistance, torment resistance 1, petrification resistance
a: Renounce Religion, Recall Ancestor, Ancestor Identity, Transference, Idealise


You were in a bailey.
You worshipped Hepliaklqana.
Hepliaklqana was greatly pleased with you.
You visited 1 branch of the dungeon, and saw 7 of its levels.
You also visited: Bailey.

You collected 350 gold pieces.
You spent 286 gold pieces at shops.

Inventory:

Hand Weapons
 a - a +0 hand axe
 g - a +5 quarterstaff
 i - a +0 dagger
 j - a +0 hunting sling
 o - a +1 short sword of draining
 x - a +2 flail of draining
 y - the +5 spear "Raph" {freeze, Fragile rPois Int+4}
   (You bought it in a shop on level 5 of the Dungeon)

   It freezes those it strikes, dealing additional cold damage.
   It can also slow down cold-blooded creatures.
   Int:       It affects your intelligence (+4).
   rPois:     It protects you from poison.
   Fragile:   It will be destroyed if unequipped.
 E - a +1 whip of flaming
 F - a +2 vampiric lajatang (weapon)
 J - a +6 dagger of speed
Missiles
 e - 211 stones
 k - 10 boomerangs (quivered)
 B - 19 bolts
 G - 3 poisoned darts
 K - 30 sling bullets
Armour
 b - a +0 robe
 c - a +0 ring mail
 p - a +0 cloak
 t - a +0 scale mail
 z - a scarf of repulsion (worn)
 I - a +2 ring mail of cold resistance (worn)
Magical Staves
 f - a staff of earth
Jewellery
 m - a ring of see invisible
 n - a ring of wizardry (right hand)
 s - a +4 ring of evasion (left hand)
 w - an amulet of faith (around neck)
Wands
 q - a wand of iceblast (10)
 C - a wand of paralysis (11)
 L - a wand of mindburst (14)
Scrolls
 d - 3 scrolls of fog
 h - 2 scrolls of noise
 u - 3 scrolls of teleportation
Potions
 l - 4 potions of curing
 r - a potion of haste
 v - a potion of flight {unknown}
 A - a potion of cancellation
 D - a potion of degeneration {unknown}
 H - a potion of heal wounds {unknown}


   Skills:
 + Level 4.7 Fighting
 - Level 3.3 Axes
 * Level 8.2 Staves
 + Level 1.0 Throwing
 + Level 4.7 Armour
 + Level 3.2 Dodging
 + Level 3.3 Stealth
 + Level 1.0 Spellcasting
 * Level 4.0 Conjurations
 * Level 0.3 Invocations
 * Level 1.2 Evocations


You had 8 spell levels left.
You knew the following spells:

 Your Spells              Type           Power      Damage    Failure   Level
a - Searing Ray           Conj           20%        3d3       6%          2

Your spell library contained the following spells:

 Spells                   Type           Power      Damage    Failure   Level
 Magic Dart               Conj           40%        1d5       4%          1
 Fulminant Prism          Conj/Hex       2%         3d6       63%         4
 Animate Dead             Necr           0%         N/A       87%         4
 Borgnjor's Vile Clutch   Necr/Erth      0%         N/A       99%         5
 Death Channel            Necr           0%         N/A       100%        6


Dungeon Overview and Level Annotations

Branches:
Dungeon (7/15)             Temple (0/1) D:5          Bailey (1/1)

Altars:
Gozag
Hepliaklqana
Okawaru
Sif Muna
The Shining One

Shops:
D:5 *(**!


Innate Abilities, Weirdness & Mutations

Your life essence is reduced to manifest your ancestor. (-10% HP)
You are immune to sickness and miasma.
Your stone body is resilient. (AC +6)
You are immune to poison.
You resist negative energy. (rN+)
You are resistant to electric shocks. (rElec)
You are resistant to unholy torment.
You are immune to petrification.


Message History

The orc warrior shoots a bolt.
The bolt hits you!
Khabaw misses the orc warrior.
Casting: Searing Ray (safe; 6% risk of failure)
Confirm with . or Enter, or press ? or * to list all spells.
Aiming: Searing Ray (safe; 6% risk of failure)
Press: ? - help, Shift-Dir - straight line, f - orc warrior
Aim: an orc warrior, wielding a +0 arbalest, wearing a +0 scale mail and quivering bolts (lightly wounded, 70% to hit)
The searing ray hits the orc warrior.
The orc warrior is moderately wounded.
The searing ray hits the orc.
The orc is lightly wounded. (Press . to maintain the ray.) Khabaw hits the orc warrior but does no damage.
The searing ray misses the orc warrior.
The searing ray hits the orc.
The orc is heavily wounded.
Khabaw hits the orc warrior with a +0 flail!
The searing ray hits the orc warrior.
The orc warrior is severely wounded.
The searing ray hits the orc.
You kill the orc!
The orc warrior shoots a bolt.
The bolt barely misses you.
Khabaw closely misses the orc warrior.
The searing ray hits the orc warrior.
The orc warrior is almost dead.
The searing ray hits the orc warrior.
The orc warrior is lightly wounded.
You finish channeling your searing ray.
The orc warrior shoots a bolt.
The bolt closely misses you.
Khabaw hits the orc warrior with a +0 flail!
The orc warrior dies!
The orc warrior shoots a bolt.
The bolt hits you!
The orc warrior shoots a bolt.
The bolt hits Khabaw!
Khabaw hits the orc warrior with a +0 flail!
The orc warrior shoots a bolt.
The bolt hits Khabaw!!
Khabaw is destroyed!
The orc warrior shoots a bolt.
The bolt closely misses you.
The orc warrior shoots a bolt.
The bolt hits you!
The orc warrior shoots a bolt.
The bolt misses you.
The orc warrior shoots a bolt.
The bolt hits you!!
You die...

#........
#.......≈
#......≈≈#.#. ....
#......≈##.∩# ....
#......≈..^. ≈....
#......≈##)##≈....
#......≈≈#o#≈≈....
#......@≈≈≈≈≈.....
#.................
#.................
#.................
#.................
#.∩...............
#∩................
##################


You could see an orc warrior.

Vanquished Creatures
  Pikel (D:5)
  Duvessa (D:7)
  A black bear (D:4)
  An ogre (D:5)
  A lemure (D:5)
  A water moccasin skeleton (D:4)
  A jelly (D:6)
  4 hounds
  A centaur skeleton (D:5)
  2 iguanas
  2 adders
  12 gnolls
  A worm (D:2)
  3 dart slugs
  16 orcs
  8 ball pythons
  7 bats
  5 endoplasms
  4 giant cockroaches
  5 goblins
  8 hobgoblins
  3 quokkas
  3 frilled lizards (D:1)
  8 kobolds
  4 rats
103 creatures vanquished.

Vanquished Creatures (collateral kills)
  Sigmund (D:6)
  An orc warrior (Bailey)
  A necrophage (D:7)
  A phantom (D:7)
  A wyvern zombie (D:5)
  A scorpion (D:5)
  Dowan (D:7)
  A water moccasin skeleton (D:6)
  2 jellies (D:5)
  An iguana (D:5)
  An orc wizard (D:4)
  3 gnolls
  2 adders
  An ufetubus (D:5)
  A worm (D:4)
  A dart slug (D:4)
  8 orcs
  A hobgoblin (D:5)
  A goblin (D:7)
30 creatures vanquished.

Vanquished Creatures (others)
  2 knights
  2 plants (D:1)
  6 toadstools (D:3)
10 creatures vanquished.

Grand Total: 143 creatures vanquished

Notes
Turn   | Place    | Note
-------+----------+-------------------------------------------
     0 | D:1      | jlumianski the Gargoyle Monk began the quest for the Orb.
     0 | D:1      | Reached XP level 1. HP: 14/14 MP: 1/1
   310 | D:1      | Reached XP level 2. HP: 14/19 MP: 2/2
   988 | D:1      | Reached XP level 3. HP: 23/23 MP: 3/3
  1400 | D:2      | HP: 1/23 [iguana (10)]
  1403 | D:2      | Reached skill level 1 in Armour
  1781 | D:2      | Reached XP level 4. HP: 24/28 MP: 4/4
  1835 | D:2      | Found an opulent altar of Gozag.
  2213 | D:2      | Found a faded altar of an unknown god.
  2621 | D:3      | Reached skill level 1 in Staves
  2878 | D:2      | Learned a level 2 spell: Searing Ray
  3125 | D:4      | Reached XP level 5. HP: 33/33 MP: 5/5
  3515 | D:4      | Reached skill level 2 in Staves
  3515 | D:4      | Reached skill level 1 in Conjurations
  3725 | D:3      | Found a hazy altar of Hepliaklqana.
  3733 | D:3      | Became a worshipper of Hepliaklqana the Forgotten
  3733 | D:3      | Reached * piety under Hepliaklqana
  3733 | D:3      | Reached ** piety under Hepliaklqana
  3734 | D:3      | Remembered your ancestor Khabaw as a knight
  3873 | D:4      | Found an opulent altar of Gozag.
  3873 | D:4      | Found a shimmering blue altar of Sif Muna.
  3947 | D:4      | Reached XP level 6. HP: 34/34 MP: 0/6
  4127 | D:4      | Reached skill level 3 in Staves
  4531 | D:5      | Entered Level 5 of the Dungeon
  4684 | D:4      | Noticed a black bear
  4689 | D:4      | Killed a black bear
  4821 | D:5      | Found Koarphygg's Assorted Antiques.
  4826 | D:5      | Bought a dented fluorescent amulet for 110 gold pieces
  4833 | D:5      | Reached skill level 4 in Staves
  4833 | D:5      | Reached XP level 7. HP: 38/38 MP: 7/7
  4842 | D:5      | Reached *** piety under Hepliaklqana
  4851 | D:5      | Bought an iridescent spear for 176 gold pieces
  4851 | D:5      | Identified the +5 spear "Raph" {freeze, Fragile rPois
                  | Int+4} (You bought it in a shop on level 5 of the Dungeon)
  5228 | D:5      | Found an iron altar of Okawaru.
  5303 | D:5      | Found a glowing golden altar of the Shining One.
  5347 | D:5      | Found Amyrph's Distillery.
  5397 | D:5      | Found a staircase to the Ecumenical Temple.
  5512 | D:5      | Found Piezauq's Weapon Emporium.
  5532 | D:5      | Found Feudgh's Assorted Antiques.
  5564 | D:5      | Reached skill level 5 in Staves
  5881 | D:5      | Found Joimal's General Store.
  6070 | D:5      | Noticed Pikel
  6081 | D:5      | Paralysed by Pikel for 4 turns
  6095 | D:5      | Killed Pikel
  6096 | D:5      | Reached skill level 6 in Staves
  6096 | D:5      | Reached XP level 8. HP: 25/43 MP: 2/8
  6506 | D:6      | Reached skill level 7 in Staves
  6561 | D:6      | Identified a scroll of acquirement
  6561 | D:6      | Acquired a +1 vampiric lajatang
  6664 | D:6      | Reached **** piety under Hepliaklqana
  6766 | D:6      | Noticed Sigmund
  6773 | D:6      | Killed Sigmund
  6871 | D:7      | Noticed Duvessa
  6871 | D:7      | Noticed Dowan
  6880 | D:7      | Killed Duvessa
  6881 | D:7      | Reached XP level 9. HP: 39/46 MP: 4/10
  6889 | D:7      | Killed Dowan
  6890 | D:7      | Reached skill level 1 in Throwing
  6890 | D:7      | Reached skill level 1 in Spellcasting
  7075 | D:7      | Reached skill level 8 in Staves
  7086 | D:7      | Found a flagged portal.
  7094 | D:7      | Reached skill level 1 in Evocations
  7155 | Bailey   | Entered a bailey
  7178 | Bailey   | Shot with a bolt by an orc warrior

Illustrated notes

Levels and vault maps discovered:
D:1:      tarquinn_simple_flora_water_c, layout_rooms
D:2:      layout_basic, hellmonk_ecumenical_altar_prayer_group, basic_altar,
          minmay_cupped
D:3:      layout_loops_ring, mainiacjoe_overflow_small_starburst,
          minmay_gold_behind_fungi, skrybe_limestone_x
D:4:      layout_gridville, gammafunk_temple_overflow_pools
D:5:      layout_loops_ring, pf_just_have_faith, okawaru_altar_gauntlet_db,
          minmay_temple_entry_arrows, serial_shops, nicolae_diamond_shop,
          nicolae_lakefront_shop, shop, nicolae_shop_behind_doors,
          nicolae_take_the_stairs, grunt_ministairs_9, uniq_pikel
D:6:      layout_gridville, uniq_sigmund
D:7:      layout_basic, enter_bailey_4, uniq_duvessa
Bailey:   bailey_polearm_2, bailey

Skill      XL: |  1  2  3  4  5  6  7  8  9 |
---------------+----------------------------+-----
Axes           | 3 |  3.3
Armour         | 1 2 4 |  4.7
Staves         | 1 2 4 6 7 8 |  8.2
Conjurations   | 1 3 4 |  4.0
Fighting       | 4 |  4.7
Stealth        | 3 |  3.3
Dodging        | 3 |  3.2
Throwing       | 1 |  1.0
Spellcasting   | 1 |  1.0
Evocations     | 1 |  1.2
Invocations    | |  0.3

Action                   |  1- 3 |  4- 6 |  7- 9 || total
-------------------------+-------+-------+-------++-------
Melee: Hand axe          |    75 |       |       ||    75
       Quarterstaff      |    19 |    86 |    53 ||   158
       Lajatang          |       |       |    23 ||    23
Throw: Boomerang         |     7 |     6 |     3 ||    16
 Cast: Searing Ray       |       |     8 |    13 ||    21
Invok: Ancestor Life: Kn |       |     1 |       ||     1
       Recall Ancestor   |       |     1 |       ||     1
  Use: Scroll            |       |     5 |     6 ||    11
       Potion            |       |     1 |     1 ||     2
 Stab: Distracted        |       |     1 |       ||     1
Armor: Ring mail         |    45 |    52 |    41 ||   138
Dodge: Dodged            |    60 |    61 |   102 ||   223
       Repelled          |       |       |     1 ||     1
